 Dungeon Crawl Stone Soup version 0.28.0 (webtiles) character file.

Game seed: 8672179944583941891

445 boopmooplesden the Slasher (level 6, -7/56 HPs)
             Began as a Minotaur Fighter on Feb 11, 2022.
             Mangled by a gnoll (9 damage)
             ... on level 4 of the Dungeon.
             The game lasted 00:04:53 (3677 turns).

boopmooplesden the Slasher (Minotaur Fighter)       Turns: 3677, Time: 00:04:53

Health: -7/56      AC: 10    Str: 21    XL:     6   Next: 72%
Magic:  5/5        EV: 10    Int:  5    God:
Gold:   134        SH:  5    Dex: 11    Spells: 5/5 levels left

rFire   + . .      SeeInvis +   a - +0 long sword
rCold   . . .      Faith    .   c - +0 buckler
rNeg    . . .      Spirit   .   b - +0 scale mail
rPois   .          Reflect  .   (helmet restricted)
rElec   .          Harm     .   (no cloak)
rCorr   .          Rampage  .   e - +2 pair of gloves
Will    .....                   (no boots)
Stlth   ..........              (no amulet)
HPRegen 0.18/turn               s - ring of see invisible
MPRegen 0.09/turn               p - ring of protection from fire

@: no status effects
A: horns 2, retaliatory headbutt
a: no special abilities


You were on level 4 of the Dungeon.
You visited 1 branch of the dungeon, and saw 4 of its levels.

You collected 134 gold pieces.

Inventory:

Hand Weapons
 a - a +0 long sword (weapon)
 g - a +0 dire flail of protection
 o - a +3 whip
Missiles
 k - a throwing net (quivered)
Armour
 b - a +0 scale mail (worn)
 c - a +0 buckler (worn)
 e - a +2 pair of gloves (worn)
 n - a +0 cloak
Jewellery
 p - a ring of protection from fire (right hand)
 s - a ring of see invisible (left hand)
Scrolls
 f - a scroll of identify
 h - a scroll of blinking {unknown}
 r - a scroll of brand weapon {unknown}
Potions
 d - a potion of experience {unknown}
 i - 3 potions of curing
 j - 2 potions of lignification
 l - 3 potions of degeneration
 m - 2 potions of mutation {unknown}
 q - a potion of brilliance {unknown}


   Skills:
 + Level 5.1 Fighting
 + Level 5.7 Long Blades
 + Level 5.5 Armour
 + Level 1.8 Dodging
 + Level 0.2 Stealth
 + Level 4.4 Shields


You had 5 spell levels left.
You didn't know any spells.
Your spell library contained the following spells:

 Spells                   Type           Power      Damage    Failure   Level
 Animate Skeleton         Necr           0%         N/A       87%         1
 Apportation              Tloc           0%         N/A       87%         1
 Sandblast                Erth           0%         2d4       87%         1
 Summon Small Mammal      Summ           0%         N/A       87%         1
 Passwall                 Tmut/Erth      0%         N/A       95%         2
 Confusing Touch          Hex            0%         N/A       99%         3
 Inner Flame              Hex/Fire       0%         N/A       99%         3
 Stone Arrow              Conj/Erth      0%         3d7       99%         3
 Cause Fear               Hex            0%         N/A       100%        4
 Yara's Violent Unravell  Hex/Tmut       0%         3d3       100%        5
 Enfeeble                 Hex            0%         N/A       100%        7
 Discord                  Hex            0%         N/A       100%        8


Dungeon Overview and Level Annotations

Branches:
Dungeon (4/15)
 Temple: D:4-7

Altars:
Hepliaklqana
Trog
Yredelemnul
The Shining One


Innate Abilities, Weirdness & Mutations

You have a pair of horns on your head.
You reflexively headbutt those who attack you in melee.


Message History

The adder bites you but does no damage. You block the adder's attack.
You hit the endoplasm but do no damage. You headbutt the endoplasm.
You kill the endoplasm!
You block the gnoll's attack. The adder bites you but does no damage.
The gnoll barely misses you.
The gnoll hits you from afar with a +0 halberd!
The adder barely misses you. You furiously retaliate!
You headbutt the adder. The gnoll hits you with a +0 halberd!
The gnoll hits you from afar with a +0 halberd!
You block the gnoll's attack. The adder bites you.
You block the adder's attack. The gnoll closely misses you. x2
The gnoll hits you from afar with a +0 halberd.
The adder bites you but does no damage.
You slash the adder!
You kill the adder!
The gnoll hits you from afar with a +0 halberd.
The gnoll completely misses you.
You closely miss the gnoll.
The gnoll is lightly wounded.
The gnoll hits you but does no damage. The gnoll closely misses you. x2
You hit the gnoll. Your headbutt misses the gnoll.
The gnoll is heavily wounded.
The gnoll hits you from afar with a +0 halberd.
* * * LOW HITPOINT WARNING * * *
The gnoll hits you but does no damage.
You slash the gnoll!
You kill the gnoll!
You block the gnoll's attack. You block the gnoll's attack.
You see here a +0 club.
You barely miss the gnoll. The gnoll hits you but does no damage.
The gnoll barely misses you.
You closely miss the gnoll.
The gnoll hits you from afar with a +0 halberd!
* * * LOW HITPOINT WARNING * * *
You closely miss the gnoll. You headbutt the gnoll.
The gnoll is lightly wounded.
The gnoll barely misses you.
The gnoll hits you from afar with a +0 halberd!
You die...

#........## #.........##
#..........# ###
##...?.....# #..
#.........## ##..
##.........# #...
#.....g..## ##...
###....g#############....
######@................
............########....
############# #...< ##...
#... ##.. ##. #. ##


You could see 2 gnolls.

Vanquished Creatures
  Edmund (D:4)
  A centaur (D:4)
  A scorpion (D:4)
  A hound (D:4)
  An orc priest (D:3)
  4 adders
  A gnoll (D:4)
  2 worms
  2 dart slugs
  2 orcs (D:3)
  6 ball pythons
  5 endoplasms
  3 giant cockroaches
  3 goblins
  12 hobgoblins
  2 jackals (D:1)
  12 kobolds
  A quokka (D:2)
  6 bats
  2 frilled lizards
  6 rats
74 creatures vanquished.

Vanquished Creatures (others)
  2 plants (D:1)
2 creatures vanquished.

Grand Total: 76 creatures vanquished

Notes
Turn   | Place    | Note
-------+----------+-------------------------------------------
     0 | D:1      | boopmooplesden the Minotaur Fighter began the quest for the
                  | Orb.
     0 | D:1      | Reached XP level 1. HP: 19/19 MP: 0/0
   227 | D:1      | Reached XP level 2. HP: 26/27 MP: 1/1
   561 | D:1      | Found a faded altar of an unknown god.
   936 | D:1      | Reached XP level 3. HP: 29/33 MP: 2/2
  1544 | D:2      | Found a bloodstained altar of Trog.
  1913 | D:3      | Reached XP level 4. HP: 40/40 MP: 3/3
  2401 | D:3      | Found a basalt altar of Yredelemnul.
  2411 | D:3      | Found a glowing golden altar of the Shining One.
  2563 | D:3      | Found a hazy altar of Hepliaklqana.
  2740 | D:3      | Noticed an angel
  2947 | D:4      | Noticed a centaur
  2956 | D:4      | HP: 1/41 [centaur/arrow (8)]
  2961 | D:4      | Reached XP level 5. HP: 19/47 MP: 4/4
  2961 | D:4      | Killed a centaur
  3190 | D:4      | Reached skill level 5 in Armour
  3240 | D:4      | Noticed Edmund
  3257 | D:4      | Reached skill level 1 in Dodging
  3258 | D:4      | Reached skill level 5 in Long Blades
  3269 | D:4      | Killed Edmund
  3270 | D:4      | Reached skill level 5 in Fighting
  3270 | D:4      | Reached XP level 6. HP: 27/56 MP: 5/5
  3676 | D:4      | HP: 2/56 [gnoll (11)]
  3677 | D:4      | Mangled by a gnoll

Illustrated notes

Levels and vault maps discovered:
D:1:      saegor_arrival_under_anarchy, layout_basic,
          ebering_ecumenical_altar_ruins, serial_forest,
          infiniplex_forest_straight_2, infiniplex_forest_end_1,
          infiniplex_forest_clump_long, infiniplex_forest_clump_tiny,
          infiniplex_forest_straight_5, infiniplex_forest_clump_tiny,
          infiniplex_forest_corner_2, infiniplex_forest_clump_medium,
          infiniplex_forest_end_1, infiniplex_forest_straight_2, minmay_cut_off
D:2:      layout_loops_ring, basic_altar, kennysheep_small_spiral,
          kennysheep_generic_room_16
D:3:      layout_basic, mainiacjoe_overflow_chevrons,
          grunt_temple_overflow_holy_war
D:4:      layout_cave_pods, grunt_decor_mini_mirrors, mrwooster_statue_mirror,
          uniq_edmund

Skill      XL: |  1  2  3  4  5 |
---------------+----------------+-----
Fighting       | 4 5 |  5.1
Armour         | 4 5 |  5.5
Long Blades    | 3 4 5 |  5.7
Shields        | 4 |  4.4
Dodging        | 1 |  1.8
Stealth        | |  0.2

Action                   |  1- 3 |  4- 6 || total
-------------------------+-------+-------++-------
Melee: Long sword        |    94 |    89 ||   183
       Headbutt          |    12 |    16 ||    28
  Use: Scroll            |     5 |       ||     5
       Potion            |       |     2 ||     2
Armor: Scale mail        |    40 |    42 ||    82
Dodge: Dodged            |    40 |    54 ||    94
Block: Buckler           |    15 |    35 ||    50
